 Dungeon Crawl Stone Soup version 0.31-a0-1291-g5386780bc2 (webtiles) character file.

Game seed: 13547704863305619675

852 Nattfarinn the Grappler (level 8, 0/64 HPs)
             Began as a Naga Shapeshifter on Dec 18, 2023.
             Slain by an ice beast (13 damage)
             ... on level 6 of the Dungeon.
             The game lasted 00:07:17 (4370 turns).

Nattfarinn the Grappler (Naga Shapeshifter)         Turns: 4370, Time: 00:07:18

Health: 0/64       AC:  3    Str: 16    XL:     8   Next: 1%
Magic:  8/8        EV:  9    Int: 13    God:
Gold:   275        SH:  0    Dex: 11    Spells: 7/7 levels left

rFire   . .          .
                       - Unarmed
rCold   . . .        (no shield)
rNeg    . . .        a - +0 animal skin
rPois   +            (helmet currently unavailable)
rElec   .            (cloak currently unavailable)
rCorr   +            (gloves currently unavailable)
SInv    +            (no barding)
Will    +....        n - amulet of regeneration
Stlth   +            r - ring of resist corrosion
HPRegen 1.10/turn    (no ring)
MPRegen 0.11/turn

%: no passive effects
@: beast-form, very slow
A: beast (slay +1), AC +2, large, see invisible, deformed body, poison
resistance, slowness 2, spit poison 1, naga tail 1
a: Spit Poison, Begin Untransformation


You were on level 6 of the Dungeon.
You were a hulking beast.
You visited 1 branch of the dungeon, and saw 6 of its levels.

You collected 275 gold pieces.

Inventory:

Hand Weapons
 f - a +2 heavy mace
Armour
 a - a +0 animal skin (worn)
Jewellery
 g - a ring of magical power
 n - an amulet of regeneration (around neck)
 r - a ring of resist corrosion (left hand)
Talismans
 c - a beast talisman
 d - a flux talisman
Scrolls
 h - a scroll of vulnerability
 k - a scroll of poison
 l - a scroll of revelation
 m - 2 scrolls of brand weapon
 o - a scroll of fear {unknown}
 p - a scroll of silence {unknown}
 t - a scroll of identify
Potions
 b - a potion of lignification
 e - 7 potions of curing
 i - a potion of mutation {unknown}
 j - a potion of attraction {unknown}
 q - a potion of ambrosia {unknown}
 s - 2 potions of brilliance {unknown}
 u - a potion of resistance {unknown}
 v - a potion of cancellation {unknown}


   Skills:
 - Level 1.0 Fighting
 - Level 1.5 Dodging
 + Level 9.3 Unarmed Combat
 - Level 3.0 Shapeshifting


You had 7 spell levels left.
You didn't know any spells.
Your spell library contained the following spells:

 Spells                   Type           Power      Damage    Failure   Level
 Inner Flame              Hex/Fire       0%         N/A       67%         3
 Flame Wave               Conj/Fire      0%         2d4       97%         4
 Sticky Flame             Conj/Fire      0%         2d3       97%         4


Dungeon Overview and Level Annotations

Branches:
Dungeon (6/15)
 Temple: D:4-7

Altars:
Gozag
Nemelex Xobeh


Innate Abilities, Weirdness & Mutations

You are a hulking beast.
Your limbs bulge with bestial killing power. (Slay +1)
Your serpentine skin is tough. (AC +2)
You have supernaturally acute eyesight. (SInv)
Armour fits poorly on your strangely shaped body.
Your system is resistant to poisons. (rPois)
You cover ground very slowly.
You can spit poison.
You have a snake-like lower body.


Message History

There is a stone staircase leading up here.
An ice beast comes into view.
A two-headed ogre comes into view.
It is wielding a +0 giant club and a +0 dire flail.
The two-headed ogre shouts in stereo!
The ice beast hits you but does no damage. x2
You hit the ice beast.
The ice beast is lightly wounded.
You closely miss the ice beast.
The ice beast is lightly wounded.
The ice beast hits you. The ice beast freezes you!
You hit the ice beast.
The ice beast is moderately wounded.
The ice beast barely misses you.
You punch the ice beast!
The ice beast is severely wounded.
The ice beast closely misses you.
The two-headed ogre hits you with a +0 giant club!!
The two-headed ogre hits you with a +0 dire flail.
You are too injured to fight recklessly!
You are too injured to fight recklessly!
You are too injured to fight recklessly!
You are too injured to fight recklessly!
You are too injured to fight recklessly!
You are too injured to fight recklessly!
You are too injured to fight recklessly!
You are too injured to fight recklessly!
You are too injured to fight recklessly!
You are too injured to fight recklessly!
Unknown command.
You closely miss the ice beast.
The ice beast is severely wounded.
The ice beast hits you. The ice beast freezes you!
* * * LOW HITPOINT WARNING * * *
Unknown command.
You hit the ice beast.
The ice beast is almost dead.
The two-headed ogre closely misses you. x2; The ice beast hits you.
* * * LOW HITPOINT WARNING * * *
The ice beast freezes you!
You die...

...#.. ......
...... #.... ....
..### ..#
....####Y.#
#...hO.#
##..##..# ##.#
#.# ##.# .# #.##
##########.#
#..........###
#............####
.
#...#####.......#


You could see a two-headed ogre and an ice beast.

Vanquished Creatures
  A troll (D:5)
  Edmund (D:4)
  An ice beast (D:5)
  A centaur (D:5)
  A phantom (D:5)
  2 orc priests
  A hound (D:5)
  2 gnolls
  An adder (D:5)
  A shadow imp (D:5)
  A white imp (D:5)
  2 ufetubi (D:5)
  3 worms
  A dart slug (D:3)
  16 orcs
  2 endoplasms
  2 giant cockroaches (D:1)
  11 goblins
  7 hobgoblins
  14 jackals
  5 quokkas
  8 ball pythons
  5 bats (D:3)
  2 frilled lizards
  9 kobolds
  4 rats
104 creatures vanquished.

Notes
Turn   | Place    | Note
-------+----------+-------------------------------------------
     0 | D:1      | Nattfarinn the Naga Shapeshifter began the quest for the
                  | Orb.
     0 | D:1      | Reached XP level 1. HP: 18/18 MP: 1/1
   141 | D:1      | Reached XP level 2. HP: 25/25 MP: 2/2
   425 | D:1      | Reached skill level 4 in Unarmed Combat
   497 | D:1      | Reached XP level 3. HP: 31/31 MP: 3/3
  1344 | D:2      | Reached XP level 4. HP: 38/38 MP: 4/4
  1840 | D:3      | Reached skill level 5 in Unarmed Combat
  2209 | D:3      | Reached XP level 5. HP: 44/44 MP: 5/5
  2454 | D:3      | Found a sparkling altar of Nemelex Xobeh.
  2455 | D:3      | Found an opulent altar of Gozag.
  2706 | D:4      | Reached skill level 6 in Unarmed Combat
  3105 | D:4      | Noticed Edmund
  3200 | D:4      | Killed Edmund
  3201 | D:4      | Reached XP level 6. HP: 51/51 MP: 6/6
  3394 | D:5      | Entered Level 5 of the Dungeon
  3409 | D:5      | Reached skill level 7 in Unarmed Combat
  3579 | D:5      | Noticed a troll
  3586 | D:5      | Killed a troll
  3587 | D:5      | Reached skill level 8 in Unarmed Combat
  3587 | D:5      | Reached XP level 7. HP: 57/57 MP: 7/7
  4058 | D:5      | Reached skill level 9 in Unarmed Combat
  4083 | D:5      | Reached XP level 8. HP: 37/64 MP: 8/8
  4364 | D:6      | Noticed a two-headed ogre
  4370 | D:6      | Slain by an ice beast

Illustrated notes

Levels and vault maps discovered:
D:1:      nzn_arrival_depleted_hourglass, layout_loops_ring, minmay_heptomino_o4
D:2:      layout_loops_ring, wander_ebering_terrifying_dragon_lair, uniq_sigmund
D:3:      wad_river_or_something, layout_basic, grunt_temple_overflow_opulence
D:4:      layout_basic, minmay_misc_feat_ornament, uniq_edmund
D:5:      layout_gridville, kennysheep_nondescript
D:6:      layout_layer_cave, st_stairs_7, skrybe_limestone_x, ldierk_geyser

Skill      XL: |  1  2  3  4  5  6  7 |
---------------+----------------------+-----
Unarmed Combat | 4 5 6 8 9 |  9.3
Fighting       | |  1.0
Dodging        | |  1.5
Shapeshifting  | |  3.0

Action                     |  1- 3 |  4- 6 |  7- 9 || total
---------------------------+-------+-------+-------++-------
  Melee: Unarmed           |    75 |   100 |    50 ||   225
         Punch             |       |     3 |       ||     3
Ability: Spit Poison       |    24 |    31 |    12 ||    67
    Use: Scroll            |       |     8 |     1 ||     9
         Potion            |       |     2 |       ||     2
   Stab: Sleeping          |       |     1 |       ||     1
 Armour: Animal skin       |    61 |    62 |    48 ||   171
         Skin              |       |    22 |    12 ||    34
  Dodge: Dodged            |    37 |    40 |    22 ||    99

Table legend: (Time is in decaauts)
 A = Elapsed time spent in this place.
 B = Non-inter-level travel time spent in this place.
 C = Inter-level travel time spent in this place.
 D = Time resting spent in this place.
 E = Time spent auto-exploring this place.
 F = Levels seen in this place.
 G = Mean time per level.
                   A        B        C        D        E       F      G
               +--------+--------+--------+--------+--------+-----+--------+
         Total |   5571 |   5314 |    257 |    375 |   4229 |   6 |  928.5 |
       Dungeon |   5571 |   5314 |    257 |    375 |   4229 |   6 |  928.5 |
               +--------+--------+--------+--------+--------+-----+--------+

Top non-repeatable levels by time:
     D:1: 1343 daAuts
     D:5: 1124 daAuts
     D:4: 1084 daAuts
     D:3: 1050 daAuts
     D:2: 928 daAuts
     D:6: 39 daAuts
